Cogmind - Beta 9.4 @@@ ROGUE MODE // 2020.02.13 @ 21:34:51 Player: fartblaster Result: Destroyed by G-47 Trooper with Particle Gun Performance ------------- Evolutions (0) 0 Regions Visited (1) 200 Robots Destroyed (0) 0 Value Destroyed (0) 0 Prototype IDs (0) 0 Alien Tech Used (0) 0 Bonus (0) 0 TOTAL SCORE: 200 Bonus ------- None Cogmind --------- Core Integrity 0/250 Matter 248/300 Energy 100/100 System Corruption 0% Temperature Cool (9) Movement Core (600) Ox11 Location -10/Materials Parts ------- > --- POWER (1) -------- (None) > --- PROPULSION (2) --- (None) > --- UTILITY (2) ------ Small Storage Unit High-capacity Storage Unit > --- WEAPON (2) ------- (None) > --- INVENTORY (14) --- Light Ion Engine Peak State ------------ > --- POWER ------------ Light Ion Engine > --- PROPULSION ------- Light Treads Light Treads > --- UTILITY ---------- Small Storage Unit High-capacity Storage Unit > --- WEAPON ----------- Small Laser Light Assault Rifle > --- INVENTORY -------- Light Ion Engine [Rating: 7] Favorites ----------- Power Light Ion Engine Engine Light Ion Engine Propulsion Light Treads Treads Light Treads Utility Small Storage Unit Storage Small Storage Unit Weapon Light Assault Rifle Energy Gun Small Laser Ballistic Gun Light Assault Rifle Build | -11 -10 ------- Run | Scr Mat Slots Evolved . | . . Power . | . . Propulsion . | . . Utility . | . . Weapon . | . . Parts Attached 7 | 5 2 Power 1 | 1 . Engine 1 | 1 . Core . | . . Reactor . | . . Propulsion 2 | 2 . Treads 2 | 2 . Leg . | . . Wheel . | . . Hover . | . . Flight . | . . Utility 2 | . 2 Device . | . . Storage 2 | . 2 Processor . | . . Hackware . | . . Protection . | . . Artifact . | . . Weapon 2 | 2 . Energy Gun 1 | 1 . Energy Cannon . | . . Ballistic Gun 1 | 1 . Ballistic Cannon . | . . Launcher . | . . Special Weapon . | . . Impact Weapon . | . . Slashing Weapon . | . . Piercing Weapon . | . . Special Melee Weapon . | . . Unidentified Prototypes . | . . Parts Lost 5 | . 5 Power 1 | . 1 Propulsion 2 | . 2 Utility . | . . Weapon 2 | . 2 Highest Loss Streak 5 | . 5 Average Slot Usage (%) 80 | . 80 Engine 10 | . 10 Treads 21 | . 21 Storage 26 | . 26 Energy Gun 8 | . 8 Ballistic Gun 11 | . 11 Naked Turns . | . . Heaviest Build 41 | 5 41 Greatest Support 40 | 40 40 Greatest Overweight (x) 11 | . 11 Average Overweight (x) . | . 1 Largest Inventory Capacity 14 | 4 14 Average Capacity 9 | 4 13 Most Carried 2 | 2 2 Average Carried 1 | 1 1 Final Capacity 14 | 4 14 Final Carried 2 | 2 1 Class Distribution -------------------- 100% | Mutant Dominant Class ---------------- Mutant | -10/Materials Resources | -11 -10 ----------- Run | Scr Mat Matter Collected 206 | 206 . Remotely . | . . Salvage Created . | . . Parts . | . . Haulers Intercepted . | . . Recyclers Shooed . | . . Parts Field Recycled . | . . Retrieved Matter . | . . Parts Self-Destructed . | . . Prevented . | . . Kills | -11 -10 ------- Run | Scr Mat Combat Hostiles Destroyed . | . . Classes Destroyed . | . . Best Kill Streak . | . . Combat Bots Only . | . . Max Kills in Single Turn . | . . Gunslinging . | . . Exploded . | . . Melee . | . . Uniques/NPCs Destroyed . | . . Combat | -11 -10 -------- Run | Scr Mat Damage Taken 874 | . 874 Core 263 | . 263 Absorbed by Shields . | . . Core Remaining (%) 100 | 100 . Volleys Fired 26 | . 26 Largest 2 | . 2 Hottest 60 | . 60 Shots Fired 39 | . 39 Gun 39 | . 39 Cannon . | . . Launcher . | . . Special . | . . Kinetic 26 | . 26 Thermal 13 | . 13 Explosive . | . . Electromagnetic . | . . Robot Hit Streak 6 | . 6 Robot Miss Streak 5 | . 5 Penetration Max . | . . Secondary Targets . | . . Shots Hit Robots 22 | . 22 Core Hits 3 | . 3 Critical Hits . | . . Critical Kills . | . . Critical Parts Destroyed . | . . Melee Attacks . | . . Impact . | . . Slashing . | . . Piercing . | . . Sneak Attacks . | . . Combat Hostiles . | . . Follow-up Attacks . | . . Damage Inflicted 187 | . 187 Guns 184 | . 184 Cannons . | . . Explosions . | . . Melee . | . . Ramming 3 | . 3 Kinetic 141 | . 141 Thermal 43 | . 43 Explosive . | . . Electromagnetic . | . . Impact . | . . Slashing . | . . Piercing . | . . Highest Corruption . | . . Average Corruption . | . . Corruption Purged . | . . Overload Shots . | . . Overflow Damage . | . . Projectiles . | . . Explosions . | . . Melee . | . . Knockbacks . | . . Impact . | . . Kinetic . | . . Secondary . | . . Self-Inflicted Damage . | . . Shots . | . . Rammed 3 | . 3 Targets Rammed 3 | . 3 Kicked . | . . Crushed . | . . Highest Temperature 100 | . 100 Average Temperature 31 | . 31 Received Heat Transfer 528 | . 528 Siege Activations . | . . Robots Corrupted . | . . Combat Hostiles . | . . Parts Fried . | . . Impact Corruptions . | . . Robots Melted . | . . Combat Hostiles . | . . Parts Melted . | . . Heat Transferred 100 | . 100 Parts Sabotaged . | . . Parts Stolen . | . . Parts Stripped . | . . Power Chain Reactions . | . . Missiles Intercepted . | . . Alert | -11 -10 ------- Run | Scr Mat Peak Influence . | . . Average Influence . | . . Maximum Alert Level . | . . Low Security (%) 100 | 100 100 Level 1 . | . . Level 2 . | . . Level 3 . | . . Level 4 . | . . Level 5 . | . . High Security . | . . Max Security . | . . Squads Dispatched . | . . Investigation . | . . Extermination . | . . Reinforcement . | . . Assault . | . . Garrison . | . . Intercept . | . . Construction Impeded . | . . Haulers Reinforced . | . . Stealth | -11 -10 --------- Run | Scr Mat Distress Signals 1 | . 1 Communications Jammed . | . . Distress Signals . | . . Times Spotted 5 | . 5 Peak Tracking Total 6 | . 6 Tactical Retreats . | . . Traps | -11 -10 ------- Run | Scr Mat Traps Triggered . | . . Indirectly . | . . Trap Hack Attempts . | . . Triggered . | . . Disarmed . | . . Reprogrammed . | . . Reused . | . . Traps Extracted . | . . Installed . | . . Triggered . | . . Machines | -11 -10 ---------- Run | Scr Mat Machines Disabled . | . . Max in Single Turn . | . . Machines Sabotaged . | . . Garrisons Compromised . | . . Overloaded Fab Kills . | . . Fab Network Shutdowns . | . . Hacking | -11 -10 --------- Run | Scr Mat Machines Accessed . | . . Terminals . | . . Fabricators . | . . Repair Stations . | . . Recycling Units . | . . Scanalyzers . | . . Garrison Access . | . . Total Hacks . | . . Successful . | . . Failed . | . . Catastrophic . | . . Database Lockouts . | . . Manual . | . . Terminals . | . . Fabricators . | . . Repair Stations . | . . Recycling Units . | . . Scanalyzers . | . . Garrison Access . | . . Terminal Hacks . | . . Fabricator Hacks . | . . Repair Station Hacks . | . . Recycling Unit Hacks . | . . Scanalyzer . | . . Garrison Access Hacks . | . . Unauthorized Hacks . | . . Terminals . | . . Fabricators . | . . Repair Stations . | . . Recycling Units . | . . Scanalyzers . | . . Garrison Access . | . . Data Cores Recovered . | . . Used . | . . Hacking Detections . | . . Full Trace Events . | . . Feedback Events . | . . Feedback Blocked . | . . Robot Schematics Acquired . | . . Robots Built . | . . Matter . | . . Time . | . . Total Robot Build Rating . | . . Part Schematics Acquired . | . . Parts Built . | . . Matter . | . . Time . | . . Total Part Build Rating . | . . Parts Repaired . | . . Time . | . . Parts Recycled . | . . Recycled Matter . | . . Retrieved Matter . | . . Retrieved Components . | . . Parts Scanalyzed . | . . Part Schematics Acquired . | . . Parts Damaged . | . . Bothacking | -11 -10 ------------ Run | Scr Mat Used RIF Installer . | . . Robots Hacked . | . . Non-combat . | . . Combat . | . . Robot Hacks Applied . | . . Relay Couplers Released . | . . Robots Rewired . | . . Allies Hacked . | . . Hacks Repelled . | . . Allies | -11 -10 -------- Run | Scr Mat Total Allies . | . . Largest Group . | . . Highest-Rated Group . | . . Highest-Rated Ally . | . . Total Orders . | . . Ally Attacks . | . . Total Damage . | . . Kills . | . . Allies Corrupted . | . . Allies Melted . | . . Intel | -11 -10 ------- Run | Scr Mat Robot Analysis Total . | . . Derelict Logs Recovered . | . . Drone Launches . | . . Drone Recoveries . | . . Exploration | -11 -10 ------------- Run | Scr Mat Turns Passed 305 | 126 179 Spaces Moved 130 | 79 51 Core 12 | 10 2 Treads 118 | 69 49 Legs . | . . Wheels . | . . Hover . | . . Flight . | . . Fastest Speed 50 | 50 160 Average Speed 164 | 146 191 Slowest Speed 600 | 160 600 Overloaded Moves . | . . Propulsion Burnouts . | . . Robots Hopped . | . . Cave-ins Triggered . | . . Exploration Rate (%) 7 | 6 8 Regions Visited 1 Branch Regions . Pre-discovered Areas . | . . Known Exits Taken . | . . Unknown Exits Taken 1 | 1 . Scrap Searched . | . . Spaces Dug . | . . Terrain Destroyed . | . . Melee . | . . Projectile . | . . AOE . | . . Actions | -11 -10 --------- Run | Scr Mat Total 174 | 89 85 Wait 2 | . 2 Move 129 | 78 51 Hop . | . . Pick Up 7 | 6 1 Fast Attach 1 | 1 . Attach 6 | 4 2 Detach . | . . Swap . | . . Drop . | . . Fire 26 | . 26 Melee . | . . Ram 3 | . 3 Kick . | . . Crush . | . . Escape Stasis . | . . Rewire . | . . Trap . | . . Miscellaneous . | . . Route ------- -11/Scrapyard -10/Materials History --------- Turn | Location | Event 18 | -11/Scrapyard | Discovered new exit (range 16) 127 | -11/Scrapyard | Entered Materials 289 | -10/Materials | Core integrity fell below 50% 297 | -10/Materials | Core integrity fell below 20% 301 | -10/Materials | Build established: Mutant 306 | -10/Materials | Destroyed by G-47 Trooper with Particle Gun Last Messages --------------- 00110_ T-07 Excavator is excavating. 00110_ K-01 Serf collects debris. 00120_ T-07 Excavator is excavating. 00121_ K-01 Serf collects debris. 00124_ Acquired 52 matter. 00124_ K-01 Serf collects debris. LOCATION=UNKNOWN GOAL=ESCAPE 00127_ ALERT: A rogue bot has emerged from the scrapyard. Terminate on contact. 00146_ Acquired Hcp. Storage Unit. 00204_ W-16 Scout sends out distress signal. 00230_ Sml. Laser destroyed. 00249_ Destroyed Sml. Laser. 00256_ Lgt. Treads destroyed. 00269_ Lgt. Ion Engine destroyed. 00274_ Lgt. Assault Rifle destroyed. 00278_ Lgt. Treads destroyed. 00284_ Slammed into G-47 Trooper. [Achievement: Back For More] Map ----- +----------------------------------------------------+ | ???????????????????????????????????????? | | ??????????#????????????????????????????? | | ?????????? ???????????????????????????? | | ?????????? ???????????????????????????? | | ?????????? ???????????????????????????? | | ??????????# #??????????????????????????? | | ??????????# #??????????????????????????? | | ??????????# #??????????????????????????? | | ??????????# #??????????????????????????? | | ????????### ###????????????????????????? | | ????????# ######???????????????????? | | ????????# ! ????????????????????? | | ????????# ??????????????????????? | | ????????# ???????????????????????? | | ????????# #????????????????????????? | | ??######## #?????????????????????????? | | ??# """ # #?????????????????????????? | | ??# "R" + #?????????????????????????? | | ??# " " # #?????????????????????????? | | ??# # ######????????????????????? | | ??# # #????????????????????? | | ??# # #????????????????????? | | ??######## g #????????????????????? | | ???????#####+## #????????????????????? | | ???????# # #????????????????????? | | ???????# #@ #????????????????????? | | ???????# """ #g #????????????????????? | | ???????# Y" + g #????????????????????? | | ???????# """ # #????????????????????? | | ???????# # #????????????????????? | | ???????############????????????????????? | | ???????????????????????????????????????? | | ???????????????????????????????????????? | | ???????????????????????????????????????? | | ???????????????????????????????????????? | | | | | | | | | | | | | | | | | | | | | | | | | | | | | | | +----------------------------------------------------+ Best States ------------- Heat Dissipation 25 Energy Generation 10 Energy Capacity 125 Matter Stores 248 Matter Capacity 300 Sight Range 16 Terrain Scan Density 10 Evasion (%) 40 Recoil Reduction 2 Item Schematics ----------------- None Robot Schematics ------------------ None Fabricated ------------ Nothing Alien Tech Used ----------------- None Achievements -------------- Back For More Challenges ------------ None Game ------ Seed AlloyTacticalBoomstick Manual? 0 Play Time 00:05:17 Cumulative 16.5 hours Start 2020.02.13 @ 21:30:11 End 2020.02.13 @ 21:34:51 Sessions 1 Manual Loads 0 Difficulty Rogue Special Mode None Game No. 50 Rogue 50 Adventurer 0 Explorer 0 Win Type - Total 0 Types 0/0/0/0/0/0/0 Lore% 7 Gallery% 20 Achievement% 13 Wizard Run 0 Options --------- ASCII 0 Keyboard 1 Movement Numpad Keybinds 0 Fullscreen 1 Font 18/SmallcapsGlow Map View 76x50 Tactical HUD 1 Map Filters NONE Filters NONE Steam 1 RUN: eaa63a65-1a8c-4be3-a525-8d031841b4fb